 Dungeon Crawl Stone Soup version 0.31-a0-844-gdc52ec4e09 (webtiles) character file.

Game seed: 15100416900644444322

83 sircluck the Ruffian (level 4, -1/45 HPs)
             Began as a Troll Berserker on Sept 30, 2023.
             Was a Believer of Trog.
             Slain by Grinder (5 damage)
             ... on level 2 of the Dungeon.
             The game lasted 00:03:55 (1505 turns).

sircluck the Ruffian (Troll Berserker)              Turns: 1505, Time: 00:03:56

Health: -1/45      AC:  4    Str: 26    XL:     4   Next: 22%
Magic:  3/3        EV: 10    Int:  7    God:    Trog [**....]
Gold:   59         SH:  0    Dex:  8    Spells: 3/3 levels left

rFire   . .          .
                       - Unarmed
rCold   . . .        (no shield)
rNeg    . . .        a - +0 animal skin
rPois   +            (helmet restricted)
rElec   .            (no cloak)
rCorr   .            (gloves unavailable)
SInv    .            (boots unavailable)
Will    .....        (no amulet)
Stlth   +            (no ring)
HPRegen 1.07/turn    (no ring)
MPRegen 0.08/turn

%: no passive effects
@: on berserk cooldown, slowed, very slow
A: large, unfitting armour, claws 3, regeneration 1, shaggy fur 1, tough skin 1,
clever 1, poison resistance, screaming 1
a: Renounce Religion, Berserk, Trog's Hand


You were on level 2 of the Dungeon.
You worshipped Trog.
Trog was pleased with you.
You visited 1 branch of the dungeon, and saw 3 of its levels.

You collected 114 gold pieces.
You spent 55 gold pieces at shops.

Inventory:

Missiles
 c - 29 stones
 d - 5 javelins
Armour
 a - a +0 animal skin (worn)
Jewellery
 f - a ring of magical power
Scrolls
 b - a scroll of noise
 e - a scroll of enchant weapon
 g - a scroll of teleportation
 i - 2 scrolls of vulnerability {unknown}
Potions
 h - 2 potions of curing {unknown}
 j - a potion of haste {unknown}


   Skills:
 + Level 3.2 Fighting
 + Level 3.1 Dodging
 + Level 3.7 Unarmed Combat


You had 3 spell levels left.
You didn't know any spells.
Your spell library was empty.

Dungeon Overview and Level Annotations

Branches:
Dungeon (3/15)

Altars:

Shops:
D:1 ?

Annotations:
D:2 Grinder


Innate Abilities, Weirdness & Mutations

You are too large for most types of armour.
You have claws for hands.
Your natural rate of healing is unusually fast.
You are covered in fur. (AC +1)
You have tough skin. (AC +1)
Your mind is acute. (Int +4, Str/Dex -1)
Your system is resistant to poisons. (rPois)
You occasionally shout uncontrollably at your foes.


Message History

You writhe in agony.
* * * LOW HITPOINT WARNING * * *
The frilled lizard bites you but does no damage.
Grinder hits you.
* * * LOW HITPOINT WARNING * * *
You writhe in agony.
* * * LOW HITPOINT WARNING * * *
You can move again.
Unknown command.
A red film seems to cover your vision as you go berserk!
You feel yourself moving faster!
You feel mighty! The frilled lizard barely misses you.
Grinder blinks!
You mangle the frilled lizard!!
You kill the frilled lizard!
Trog accepts your kill.
Unknown command.
There is a stone staircase leading down, spattered with blood here.
You see here a frilled lizard corpse.
You feel a strong urge to attack something.
You feel your anger nearly subside.
You are no longer berserk.
You are exhausted.
You feel yourself slow down.
There is a stone staircase leading down, spattered with blood here.
You see here a frilled lizard corpse.
Grinder gestures at you.
You suddenly lose the ability to move!
You stop descending the stairs.
Grinder completely misses you.
You can move again.
Unknown command.
Unknown command.
Unknown command.
Unknown command.
Unknown command.
You scratch Grinder but do no damage.
Grinder is severely wounded.
Grinder hits you!
* * * LOW HITPOINT WARNING * * *
You writhe in agony.
You die...
Grinder says, "Now the real fun starts!"

#.############.# #.# ###..... #.#
#....# #.# #....... ###.# ##.####
#.# #.#.....
..#.########...#######.###.##....
#...)................<.....###...
#.#.###.#.##...##.####..#### ##.#
....# #.#.#.#.#.#.# #..# #.#
..#.# #.#..#####5.####..# #.#
...####....# #@.....#.## #.#
..###.#..#.## ##.[##.###>######.#
.........##.###.......#.........#
#.###.#..###...##.##.....########
#.# #.#..########.##.........#
#.# #.#..#.######.###....###.#
#.# #.#...#............#.# #.#
#.# #.####.######.######.# #.#
#.# #.# #.# #.# #.# #.#


You could see Grinder.

Vanquished Creatures
  2 adders (D:2)
  2 worms
  An orc (D:2)
  6 bats
  9 endoplasms
  8 giant cockroaches (D:1)
  2 goblins (D:1)
  A hobgoblin (D:1)
  6 jackals
  4 kobolds
  3 quokkas
  2 frilled lizards
  5 rats
51 creatures vanquished.

Notes
Turn   | Place    | Note
-------+----------+-------------------------------------------
     0 | D:1      | sircluck the Troll Berserker began the quest for the Orb.
     0 | D:1      | Reached XP level 1. HP: 22/22 MP: 0/0
     1 | D:1      | Found a runed translucent door.
    29 | D:1      | Reached XP level 2. HP: 28/29 MP: 1/1
   255 | D:1      | Reached XP level 3. HP: 36/36 MP: 2/2
   424 | D:1      | Reached ** piety under Trog
   451 | D:1      | Found a faded altar of an unknown god.
   551 | D:1      | Found Weefigga's Magic Scroll Emporium.
   556 | D:1      | Bought a scroll of identify for 22 gold pieces
   556 | D:1      | Bought a scroll of teleportation for 33 gold pieces
   719 | D:2      | Identified the +9 hand axe of Dull Tortfeasance {vamp, rN+
                  | Str+4}
   762 | D:2      | Gained mutation: You occasionally shout uncontrollably at
                  | your foes. [potion of mutation]
   762 | D:2      | Gained mutation: Your system is resistant to poisons.
                  | (rPois) [potion of mutation]
   762 | D:2      | Gained mutation: Your mind is acute. (Int +4, Str/Dex -1)
                  | [potion of mutation]
  1424 | D:3      | Noticed Grinder
  1433 | D:2      | Reached XP level 4. HP: 36/45 MP: 3/3
  1468 | D:3      | Paralysed by Grinder for 5 turns
  1476 | D:2      | Paralysed by Grinder for 2 turns
  1492 | D:2      | Paralysed by Grinder for 3 turns
  1495 | D:2      | HP: 2/45 [Grinder (4)]
  1502 | D:2      | Paralysed by Grinder for 3 turns
  1505 | D:2      | Slain by Grinder

Illustrated notes

Levels and vault maps discovered:
D:1:      dpeg_arrival_caged_fury, layout_basic,
          shapermc_ecumenical_altar_starsandcircs, serial_shops,
          nicolae_shop_just_a_little_nook
D:2:      layout_loops_ring
D:3:      lemuel_castle_with_subvaults [lemuel_castle_interior_carwin_3],
          layout_rooms, uniq_sigmund, uniq_natasha, uniq_grinder

Skill      XL: |  1  2  3 |
---------------+----------+-----
Fighting       | 3 |  3.2
Dodging        | 3 |  3.1
Unarmed Combat | |  3.7

Action                     |  1- 3 |  4- 6 || total
---------------------------+-------+-------++-------
  Melee: Unarmed           |   110 |    35 ||   145
         Punch             |     3 |       ||     3
 Invoke: Berserk           |       |     1 ||     1
    Use: Scroll            |     3 |       ||     3
         Potion            |     1 |       ||     1
 Armour: Animal skin       |    73 |    65 ||   138
  Dodge: Dodged            |    63 |    37 ||   100

Table legend: (Time is in decaauts)
 A = Elapsed time spent in this place.
 B = Non-inter-level travel time spent in this place.
 C = Inter-level travel time spent in this place.
 D = Time resting spent in this place.
 E = Time spent auto-exploring this place.
 F = Levels seen in this place.
 G = Mean time per level.
                   A        B        C        D        E       F      G
               +--------+--------+--------+--------+--------+-----+--------+
         Total |   1498 |   1390 |    108 |     10 |   1067 |   3 |  499.3 |
       Dungeon |   1498 |   1390 |    108 |     10 |   1067 |   3 |  499.3 |
               +--------+--------+--------+--------+--------+-----+--------+

Top non-repeatable levels by time:
     D:2: 773 daAuts
     D:1: 711 daAuts
     D:3: 13 daAuts
